AoeStats
← a.l.a.n.t

Arena

505431722Analyzed
4v4 RM · 23d ago on Sep 9, 2026· 51m 6s· 8 players
Game mode
Random Map
Map size
Large (8 player)
Population
200
Speed
Normal
Resources
Standard
Victory
Conquest
Starting age
Dark Age
Ending age
Imperial Age
RankedLock teamsTeams togetherTeam positionsShared explorationLock speedFull tech treeHidden civsTurbo modeCheats
Victory
Defeat
🇬🇧 Cumans · United Kingdom
1345
+17
🇲🇽 Portuguese · Mexico
1308
+18
🇫🇷 Mongols · France
1296
+19
🇧🇷 Turks · Brazil
1289
+19
🇻🇳 Britons · Vietnam
1377
-19
🇫🇮 Gurjaras · Finland
1371
-19
🇨🇳 Sicilians · China
1351
-18
🇹🇼 Cumans · Taiwan
1339
-17
a.l.a.n.t
8:36 Feudal Age
9:41 Double-Bit Axe
10:56 Horse Collar
13:59 Loom
15:54 Wheelbarrow
21:11 Castle Age
19:35 Scale Barding Armor
20:46 Bloodlines
21:04 Forging
22:30 Chain Barding Armor
23:29 Hand Cart
25:38 Bow Saw
26:08 Iron Casting
34:16 Imperial Age
34:56 Elite Steppe Lancer
36:29 Plate Barding Armor
36:36 Loom
41:35 Blast Furnace
noob
12:15 Feudal Age
14:08 Double-Bit Axe
14:11 Horse Collar
17:28 Castle Age
19:06 Loom
22:26 Imperial Age
21:27 Fletching
32:34 Wheelbarrow
31:45 Town Watch
33:33 Hand Cart
33:42 Forging
33:37 Scale Barding Armor
34:56 Iron Casting
35:09 Chain Barding Armor
35:04 Bloodlines
35:15 Heavy Camel Rider
35:56 Husbandry
40:46 Blast Furnace
40:22 Plate Barding Armor
40:56 Town Patrol
43:12 Bodkin Arrow
45:59 Bracer
Ikill-you2827
9:33 Feudal Age
14:44 Castle Age
14:01 Double-Bit Axe
14:17 Horse Collar
14:39 Double-Bit Axe
16:49 Bow Saw
17:53 Wheelbarrow
21:26 Stone Mining
21:26 Gold Mining
23:56 Heavy Plow
25:32 Hand Cart
30:00 Imperial Age
27:17 Loom
27:18 Town Watch
27:49 Husbandry
28:00 Bloodlines
28:40 Gold Shaft Mining
28:17 Fletching
28:27 Padded Archer Armor
30:20 Bodkin Arrow
30:40 Leather Archer Armor
31:06 Bracer
30:36 Elite Mangudai
32:06 Ballistics
32:47 Chemistry
32:51 Thumb Ring
34:00 Parthian Tactics
33:38 Light Cavalry
35:07 Stone Shaft Mining
34:42 Town Patrol
34:51 Scale Barding Armor
34:56 Forging
35:26 Drill
34:58 Hussar
37:08 Conscription
37:20 Chain Barding Armor
37:35 Iron Casting
38:16 Siege Engineers
38:07 Murder Holes
38:23 Masonry
Kanon
10:44 Feudal Age
9:00 Loom
15:51 Castle Age
14:12 Double-Bit Axe
14:10 Horse Collar
15:51 Wheelbarrow
32:44 Imperial Age
34:22 Conscription
38:13 Gold Mining
38:39 Elite Organ Gun
41:03 Heavy Plow
41:14 Bow Saw
41:27 Stone Mining
42:19 Pikeman
46:05 Gambesons
46:21 Scale Mail Armor
46:58 Forging
52:26 Chemistry
Sunday x Junior
9:44 Feudal Age
10:28 Double-Bit Axe
11:29 Loom
14:30 Castle Age
14:28 Horse Collar
14:55 Scale Barding Armor
15:39 Bow Saw
16:22 Bloodlines
21:03 Forging
26:08 Heavy Plow
26:19 Husbandry
37:24 Imperial Age
38:11 Chain Barding Armor
39:16 Wheelbarrow
39:37 Heavy Camel Rider
43:00 Kshatriyas
43:16 Frontier Guards
43:35 Iron Casting
44:15 Conscription
44:27 Town Watch
46:08 Plate Barding Armor
47:06 Elite Shrivamsha Rider
50:11 Fletching
applewuuuuuu
8:18 Feudal Age
8:56 Double-Bit Axe
10:16 Horse Collar
13:48 Wheelbarrow
18:57 Castle Age
20:12 Gold Mining
21:29 Hand Cart
21:39 Loom
21:40 Town Watch
22:48 Bow Saw
22:40 Heavy Plow
27:49 Imperial Age
25:26 Scale Barding Armor
25:31 Forging
25:48 Bloodlines
26:21 Gold Shaft Mining
25:39 Stone Mining
27:40 Chain Barding Armor
28:33 Cavalier
32:14 Plate Barding Armor
33:53 Iron Casting
33:56 Conscription
36:35 Blast Furnace
36:34 Paladin
44:56 Fletching
45:07 Padded Archer Armor
46:10 Two-Man Saw
45:43 Crop Rotation
46:10 Bodkin Arrow
46:37 Ballistics
47:18 Town Patrol
46:42 Elite Skirmisher
48:34 Chemistry
48:33 Leather Archer Armor
爱上层楼
6:39 Loom
11:03 Feudal Age
14:42 Castle Age
13:21 Double-Bit Axe
13:38 Horse Collar
16:48 Bow Saw
22:53 Scale Mail Armor
25:12 First Crusade
25:32 Chain Mail Armor
26:00 Forging
28:26 Iron Casting
28:29 Wheelbarrow
27:59 Husbandry
28:10 Bloodlines
28:09 Scale Barding Armor
29:37 Chain Barding Armor
38:15 Hand Cart
37:31 Pikeman
38:11 Squires
41:00 Imperial Age
39:12 Loom
39:24 Man-at-Arms
41:00 Heavy Plow
41:21 Halberdier
42:43 Plate Mail Armor
42:59 Arson
45:17 Blast Furnace
45:28 Caravan
gianghodd01
11:20 Feudal Age
12:07 Double-Bit Axe
12:05 Horse Collar
16:16 Castle Age
16:01 Wheelbarrow
19:03 Bow Saw
18:57 Heavy Plow
19:26 Hand Cart
21:35 Loom
25:22 Fortified Wall
25:23 Gold Mining
25:24 Stone Mining
31:02 Imperial Age
29:08 Town Watch
31:17 Fletching
31:05 Pikeman
32:56 Conscription
31:58 Halberdier
33:30 Gambesons
33:52 Squires
33:54 Scale Mail Armor
33:50 Bodkin Arrow
35:00 Gold Shaft Mining
35:02 Padded Archer Armor
35:22 Chain Mail Armor
35:34 Bracer
35:27 Elite Skirmisher
37:07 Plate Mail Armor
37:16 Padded Archer Armor
38:19 Chemistry
37:39 Ballistics
42:13 Leather Archer Armor
Connection lost

Rejoining the realm…

Still unreachable

The connection could not be restored.

Session expired

The server has moved on; the page needs a fresh start.